 Dungeon Crawl Stone Soup version 0.29-a0-1009-g60c99734e7 (webtiles) character file.

Game seed: 10198785396891634899

32 drpainis the Sneak (level 3, 0/16 HPs)
             Began as a Spriggan Enchanter on Aug 8, 2022.
             Slain by a hobgoblin (4 damage)
             ... on level 2 of the Dungeon.
             The game lasted 00:01:19 (1856 turns).

drpainis the Sneak (Spriggan Enchanter)             Turns: 1856, Time: 00:01:20

Health: 0/16       AC:  4    Str:  4    XL:     3   Next: 8%
Magic:  8/8        EV: 18    Int: 16    God:
Gold:   50         SH:  0    Dex: 17    Spells: 6/8 levels left

rFire   . . .      SeeInvis +   a - +1 dagger
rCold   . . .      Faith    .   (no shield)
rNeg    . . .      Spirit   .   b - +0 robe
rPois   .          Reflect  .   h - +2 hat
rElec   .          Harm     .   (no cloak)
rCorr   +          Rampage  .   (gloves unavailable)
Will    .....                   (boots unavailable)
Stlth   +++.......              (no amulet)
HPRegen 0.05/turn               g - ring of resist corrosion
MPRegen 0.11/turn               (no ring)

@: lethally poisoned (0 -> -9), very quick
A: very small, no large weapons, unfitting armour, see invisible, speed 3
a: no special abilities


You were on level 2 of the Dungeon.
You visited 1 branch of the dungeon, and saw 2 of its levels.

You collected 50 gold pieces.

Inventory:

Hand Weapons
 a - a +1 dagger (weapon)
Armour
 b - a +0 robe (worn)
 h - a +2 hat (worn)
Jewellery
 g - a ring of resist corrosion (left hand)
Scrolls
 d - 2 scrolls of teleportation {unknown}
 f - 2 scrolls of noise {unknown}
 i - a scroll of magic mapping {unknown}
 k - a scroll of blinking {unknown}
 l - 3 scrolls of enchant armour {unknown}
 m - a scroll of identify {unknown}
Potions
 c - 2 potions of invisibility
 e - a potion of flight {unknown}
 j - a potion of curing {unknown}
 n - a potion of magic {unknown}


   Skills:
 + Level 1.4 Short Blades
 + Level 3.0 Dodging
 + Level 5.2 Stealth
 + Level 3.1 Spellcasting
 + Level 4.0 Hexes


You had 6 spell levels left.
You knew the following spells:

 Your Spells              Type           Power      Damage    Failure   Level
a - Ensorcelled Hibernat  Hex/Ice        16%        N/A       12%         2

Your spell library contained the following spells:

 Spells                   Type           Power      Damage    Failure   Level
 Confusing Touch          Hex            15%        N/A       11%         3
 Tukima's Dance           Hex            15%        N/A       11%         3
 Dazzling Flash           Conj/Hex       16%        N/A       24%         3


Dungeon Overview and Level Annotations

Branches:
Dungeon (2/15)

Altars:

Annotations:
D:2 Robin


Innate Abilities, Weirdness & Mutations

You are very small and have problems with some larger weapons.
You are too small for most types of armour.
You have supernaturally acute eyesight. (SInv)
You cover ground extremely quickly. (Speed+++)


Message History

A goblin is wielding a +2 dagger of venom.
You hear a shout!
The goblin shouts! x2; You hear a shout!
You hear a shout!
Robin roars a battlecry!
The goblins go into a battle-frenzy!
You barely miss the goblin. The goblin barely misses you.
Robin says, "Kneel, worm!"
Robin roars a battlecry!
The goblin goes into a battle-frenzy!
You completely miss the goblin. The goblin hits you but does no damage.
You hit the goblin.
The goblin is severely wounded.
The goblin misses you.
You closely miss the goblin.
The goblin is heavily wounded.
The goblin misses you.
A goblin comes into view. It is wielding a +0 club.
You hit the goblin.
You kill the goblin!
You hit the hobgoblin.
The hobgoblin is heavily wounded.
The hobgoblin completely misses you.
A goblin comes into view. It is wielding a +0 club.
You closely miss the hobgoblin.
The hobgoblin is heavily wounded.
Robin throws the goblin at you!
The goblin hits you with a +2 dagger of venom.
The hobgoblin misses you.
You hit the hobgoblin but do no damage.
The hobgoblin is heavily wounded.
The goblin hits you with a +2 dagger of venom.
You are lethally poisoned!
The hobgoblin completely misses you. Robin throws the goblin at you!
The goblin barely misses you.
You hit the hobgoblin.
The hobgoblin is severely wounded.
* * * LOW HITPOINT WARNING * * *
You feel very sick. The hobgoblin hits you.
You die...

#.# ##.....## ###†#
##...## #...# ##+##
#.##### ###.# #.# #..
..#.#### #.# #.#
#.#..... #.# #.#
#....##
##†###.#####gg...##g
##...##.#g@ggggg...gg
##.....#.#g###g#..###.
#..........# #.# .#
##.....#.#####.# #
##...##.......#
##.########### ###


You could see Robin, 2 hobgoblins and 7 goblins.

Vanquished Creatures
  A ball python (D:1)
  2 bats
  5 endoplasms
  3 giant cockroaches (D:1)
  2 hobgoblins
  3 jackals (D:1)
  2 frilled lizards
  4 goblins
  3 kobolds (D:1)
  A rat (D:1)
26 creatures vanquished.

Notes
Turn   | Place    | Note
-------+----------+-------------------------------------------
     0 | D:1      | drpainis the Spriggan Enchanter began the quest for the
                  | Orb.
     0 | D:1      | Reached XP level 1. HP: 9/9 MP: 5/5
   417 | D:1      | Reached XP level 2. HP: 7/13 MP: 7/7
   735 | D:1      | Learned a level 2 spell: Ensorcelled Hibernation
   862 | D:1      | Reached skill level 5 in Stealth
  1705 | D:2      | Reached XP level 3. HP: 16/16 MP: 8/8
  1842 | D:2      | Noticed Robin
  1856 | D:2      | Slain by a hobgoblin

Illustrated notes

Levels and vault maps discovered:
D:1:      roderic_crossed_star, layout_loops_corners, minivault_25,
          grunt_decor_junction, roderic_serpentine_path, minmay_ruptured
D:2:      layout_loops_corners, uniq_robin

Skill      XL: |  1  2 |
---------------+-------+-----
Spellcasting   | 3 |  3.1
Stealth        | 5 |  5.2
Dodging        | 3 |  3.0
Hexes          | 4 |  4.0
Short Blades   | |  1.4

Action                   || total
-------------------------++-------
Melee: Dagger            ||    90
       Punch             ||     1
 Stab: Sleeping          ||     4
Armor: Robe              ||    14
Dodge: Dodged            ||    64

Table legend: (Time is in decaauts)
 A = Elapsed time spent in this place.
 B = Non-inter-level travel time spent in this place.
 C = Inter-level travel time spent in this place.
 D = Time resting spent in this place.
 E = Time spent auto-exploring this place.
 F = Levels seen in this place.
 G = Mean time per level.
                   A        B        C        D        E       F      G
               +--------+--------+--------+--------+--------+-----+--------+
         Total |   1502 |   1502 |      0 |    822 |    484 |   2 |  751.0 |
       Dungeon |   1502 |   1502 |      0 |    822 |    484 |   2 |  751.0 |
               +--------+--------+--------+--------+--------+-----+--------+

Top non-repeatable levels by time:
     D:1: 1351 daAuts
     D:2: 151 daAuts
